 Dungeon Crawl Stone Soup version 0.22.1-1-ga44c0e5 (webtiles) character file.

82 HaraKiri the Chopper (level 4, -2/39 HPs)
             Began as a Hill Orc Monk on Oct 12, 2018.
             Slain by Crazy Yiuf
             ... wielding a +4 quarterstaff of chaos
              (5 damage)
             ... on level 2 of the Dungeon.
             The game lasted 00:04:50 (1915 turns).

HaraKiri the Chopper (Hill Orc Monk)                Turns: 1915, Time: 00:04:50

Health: -2/39      AC:  3    Str: 14    XL:     4   Next: 43%
Magic:  4/4        EV: 12    Int: 10    God:
Gold:   47         SH:  0    Dex: 13    Spells: 3/3 levels left

rFire    . . .     SeeInvis .   a - +0 hand axe
rCold    . . .     Gourm    .   (no shield)
rNeg     . . .     Faith    .   d - +0 leather armour
rPois    .         Spirit   .   (no helmet)
rElec    .         Reflect  .   (no cloak)
rCorr    .         Harm     .   (no gloves)
MR       .....                  (no boots)
Stlth    ++........             (no amulet)
HPRegen  0.13/turn              (no ring)
MPRegen  0.09/turn              (no ring)

@: drained
A: no striking features
a: no special abilities


You were on level 2 of the Dungeon.
You were not hungry.

You visited 1 branch of the dungeon, and saw 2 of its levels.

You collected 47 gold pieces.

Inventory:

Hand Weapons
 a - a +0 hand axe (weapon)
Missiles
 i - 22 sling bullets
 j - 48 poisoned needles
Armour
 b - a +0 robe
 d - a +0 leather armour (worn)
Scrolls
 e - a scroll of random uselessness {unknown}
 g - a scroll of identify {unknown}
 k - a scroll of amnesia {unknown}
 l - 4 scrolls of teleportation {unknown}
 m - 3 scrolls of blinking {unknown}
Potions
 h - a potion of flight {unknown}
Comestibles
 c - 4 rations


   Skills:
 - Level 3.6(3.4) Fighting
 + Level 5.5(5.3) Axes
 + Level 2.3(2.1) Armour
 - Level 2.5(2.3) Dodging
 - Level 1.8(1.6) Stealth


You had 3 spell levels left.
You didn't know any spells.
Your spell library was empty.

Dungeon Overview and Level Annotations

Branches:
Dungeon (2/15)

Altars:

Annotations:
D:2 Crazy Yiuf


Message History

You destroy the fungus!
You hit the fungus.
Found a runed door.
You open the door.
Crazy Yiuf the Enlightened comes into view.
He is wielding a quarterstaff of Crazy Yiuf shouts!
Found a mace.
You hit Crazy Yiuf but do no damage.
Crazy Yiuf hits you with a quarterstaff of chaos!
You suddenly lose the ability to move!
Crazy Yiuf hits you but does no damage.
You feel drained.
Crazy Yiuf hits you with a quarterstaff of chaos!
You can move again.
You closely miss Crazy Yiuf. Crazy Yiuf misses you.
You hit Crazy Yiuf but do no damage. You closely miss Crazy Yiuf.
Crazy Yiuf hits you with a quarterstaff of chaos!
* * * LOW HITPOINT WARNING * * *
Crazy Yiuf freezes you.
You die...

.# #....# '###### ### #....#
......####.# ♣.PPP♣ >.....'....#
♣.♣P♣♣ ......###..# ♣♣.♣♣
......#....# ♣.♣♣ ......#....#
♣♣.♣ ##.#'##....# ♣.♣♣ ..
##.#.##....# ♣♣@♣ #.
...#.##....# #g# #. ..
####.##....# ... #.##...
......<#'### #...# ..##'#
##.#†..#...# #..)# #.##.#
...#.....### ##### #######..#.#
##.........# #........#.#
#.....#.#.# ########..........#
#...#.#.#.####.#............#..#


You could see Crazy Yiuf.

Vanquished Creatures
  Natasha (D:2)
  An adder (D:2)
  An ooze (D:1)
  2 dart slugs (D:1)
  6 giant cockroaches
  5 goblins (D:1)
  5 hobgoblins
  A quokka (D:2)
  A ball python (D:1)
  6 bats
  3 frilled lizards
  A kobold (D:1)
  4 rats
  A fungus (D:2)
38 creatures vanquished.

Notes
Turn   | Place    | Note
-------+----------+-------------------------------------------
     0 | D:1      | HaraKiri the Hill Orc Monk began the quest for the Orb.
     0 | D:1      | Reached XP level 1. HP: 19/19 MP: 1/1
   100 | D:1      | Reached XP level 2. HP: 26/26 MP: 2/2
   563 | D:1      | Reached skill level 1 in Armour
   563 | D:1      | Reached XP level 3. HP: 28/31 MP: 3/3
  1092 | D:1      | Reached skill level 5 in Axes
  1644 | D:2      | Reached XP level 4. HP: 38/39 MP: 4/4
  1747 | D:2      | Noticed Natasha
  1757 | D:2      | Killed Natasha
  1903 | D:2      | Found a runed door.
  1907 | D:2      | Noticed Crazy Yiuf
  1910 | D:2      | Paralysed by Crazy Yiuf for 3 turns
  1915 | D:2      | Slain by Crazy Yiuf

Skill      XL: |  1  2  3 |
---------------+----------+-----
Armour         | 1 2 |  2.3
Axes           | 5 |  5.5
Fighting       | |  3.6
Dodging        | |  2.5
Stealth        | |  1.8

Action                   |  1- 3 |  4- 6 || total
-------------------------+-------+-------++-------
Melee: Hand axe          |   113 |    28 ||   141
 Stab: Sleeping          |     2 |       ||     2
  Eat: Chunk             |     2 |     1 ||     3
Armor: Robe              |     4 |       ||     4
       Leather armour    |    33 |     2 ||    35
Dodge: Dodged            |    68 |     5 ||    73
